 Dungeon Crawl Stone Soup version 0.17.1-2-g5865329 (webtiles) character file.

382 PossumBlood the Conjurer (level 6, -5/32 HPs)
             Began as a Deep Elf Conjurer on Jan 23, 2016.
             Slain by a gnoll sergeant
             ... wielding a +1 spear of venom
              (7 damage)
             ... on level 4 of the Dungeon.
             The game lasted 00:15:46 (3761 turns).

PossumBlood the Conjurer (Deep Elf Conjurer)        Turns: 3761, Time: 00:15:46

Health: -5/32      AC:  4    Str:  5    XL:     6   Next: 47%
Magic:  1/17       EV: 15    Int: 22    God:
Gold:   180        SH:  0    Dex: 15    Spells: 5 memorised, 3 levels left

rFire  + . .     SeeInvis .     o - +1 dagger (venom)
rCold  + . .     Clarity  .     a - +0 robe
rNeg   . . .     SustAt   .     (no shield)
rPois  +         Gourm    +     (no helmet)
rElec  +         Spirit   .     (no cloak)
rCorr  +         Warding  .     (no gloves)
rMut   .         Stasis   .     d - +1 pair of boots
MR     .....                    u - amulet of the gourmand
Stlth  ++........               (no ring)
                                l - +2 ring of evasion

@: lethally poisoned (-5 -> -12), resistant, not resistant to hostile
enchantments, unstealthy
A: no striking features
a: no special abilities


You were on level 4 of the Dungeon.
You were not hungry.

You visited 1 branch of the dungeon, and saw 4 of its levels.

You collected 180 gold pieces.

Inventory:

Hand Weapons
 f - a +0 dagger
 o - a +1 dagger of venom (weapon)
Armour
 a - a +0 robe (worn)
 d - a +1 pair of boots (worn)
Jewellery
 l - a +2 ring of evasion (left hand)
 u - an amulet of the gourmand (around neck)
Wands
 s - a wand of invisibility (3)
 t - a wand of teleportation (3)
Scrolls
 e - 2 scrolls of remove curse
 j - 2 scrolls of teleportation
 n - a scroll of identify
 r - a scroll of recharging
Potions
 g - a potion of lignification
 i - 2 potions of haste
 k - a potion of resistance
 m - a potion of magic {unknown}
 p - a potion of degeneration {unknown}
 v - a potion of agility {unknown}
Books
 b - a book of Conjurations

   Spells                             Type                      Level
   a - Magic Dart                     Conjuration                  1
   b - Searing Ray                    Conjuration                  2
   c - Dazzling Spray                 Conjuration/Hexes            3
   d - Fulminant Prism                Conjuration/Hexes            4
   e - Iskenderun's Mystic Blast      Conjuration                  4
   f - Iskenderun's Battlesphere      Conjuration/Charms           5
Comestibles
 c - 2 bread rations
 h - 2 meat rations
 q - 2 slices of pizza


   Skills:
 - Level 2.4 Dodging
 - Level 2.4 Stealth
 - Level 6.0 Spellcasting
 + Level 7.3 Conjurations


You had 3 spell levels left.
You knew the following spells:

 Your Spells              Type           Power        Failure   Level  Hunger
a - Magic Dart            Conj           ####         1%          1    None
b - Searing Ray           Conj           #####.       1%          2    None
c - Dazzling Spray        Conj/Hex       ###.....     8%          3    #......
d - Fulminant Prism       Conj/Hex       ###.......   21%         4    ###....
e - Iskenderun's Mystic   Conj           #####...     6%          4    ###....


Dungeon Overview and Level Annotations

Branches:
Dungeon (4/15)
 Temple: D:4-7

Altars:
Elyvilon
Makhleb


Message History

Press: ? - help, Shift-Dir - straight line, f/p - gnoll sergeant
Aim: a gnoll sergeant, wielding a spear of venom, wearing a ring mail and wearing a shield (moderately wounded)
The magic dart hits the gnoll sergeant.
The gnoll sergeant is moderately wounded.
* * * LOW HITPOINT WARNING * * *
You feel sick. The gnoll sergeant closely misses you.
Casting: Magic Dart
Confirm with . or Enter, or press ? or * to list all spells.
You don't have enough magic to cast that spell.
No previous command to re-do.
No previous command to re-do.
Read which item? (? for menu, Esc to quit)
You can't read that!
Drink which item? (? for menu, Esc to quit)
It was a potion of resistance.
You feel protected.
* * * LOW HITPOINT WARNING * * *
You feel sick.
The gnoll sergeant hits you from afar with a spear of venom!
You die...

..# #...## ##....#
#####
#.##.###.#####
###.##
#.###.#...########
>....# #.#
##.#..........
###.#####.#
###..........
..........#
#.#########
###.####### #.#
#.# #.# #.# #@#
#.# ....gg).# #.#
######### #.# #.#


You could see a gnoll sergeant and a gnoll.

Vanquished Creatures
  2 hounds
  Ijyb (D:3)
  A centaur skeleton (D:4)
  Natasha (thrice) (D:3)
  2 worker ants (D:4)
  2 gnolls (D:4)
  6 adders
  An adder skeleton (D:4)
  4 worms
  7 giant geckos
  3 orcs
  8 hobgoblins
  10 kobolds
  4 quokkas
  5 bats
  3 giant cockroaches
  A giant gecko skeleton (D:4)
  3 giant newts
  10 goblins
  13 jackals
  A quokka zombie (D:3)
  10 rats
100 creatures vanquished.

Notes
Turn   | Place    | Note
--------------------------------------------------------------
     0 | D:1      | PossumBlood the Deep Elf Conjurer began the quest for the Orb.
     0 | D:1      | Reached XP level 1. HP: 10/10 MP: 6/6
   143 | D:1      | Reached XP level 2. HP: 15/15 MP: 4/8
   151 | D:1      | Learned a level 2 spell: Searing Ray
   953 | D:2      | Reached XP level 3. HP: 19/19 MP: 7/10
  1008 | D:2      | Found a white marble altar of Elyvilon.
  1188 | D:2      | Reached skill level 5 in Conjurations
  1385 | D:2      | Reached XP level 4. HP: 24/24 MP: 7/12
  1527 | D:2      | Reached skill level 5 in Spellcasting
  1685 | D:2      | Found a burning altar of Makhleb.
  2053 | D:3      | Learned a level 3 spell: Dazzling Spray
  2058 | D:3      | Learned a level 4 spell: Fulminant Prism
  2063 | D:3      | Learned a level 4 spell: Iskenderun's Mystic Blast
  2242 | D:3      | Reached XP level 5. HP: 28/28 MP: 8/15
  2602 | D:3      | Reached skill level 6 in Spellcasting
  2635 | D:3      | Noticed Ijyb
  2641 | D:3      | Killed Ijyb
  2782 | D:3      | Noticed Natasha
  2786 | D:3      | Killed Natasha
  3074 | D:3      | Noticed Natasha
  3078 | D:3      | Killed Natasha
  3107 | D:3      | Noticed Natasha
  3108 | D:3      | Killed Natasha
  3394 | D:4      | Reached XP level 6. HP: 29/32 MP: 6/17
  3648 | D:4      | Reached skill level 7 in Conjurations
  3761 | D:4      | Slain by a gnoll sergeant

Action                   |  1- 3 |  4- 6 || total
-------------------------+-------+-------++-------
Melee: Dagger            |    10 |       ||    10
 Cast: Magic Dart        |    74 |   170 ||   244
       Searing Ray       |    13 |       ||    13
Evoke: Wand              |       |     1 ||     1
  Use: Scroll            |     5 |     1 ||     6
       Potion            |       |     1 ||     1
  Eat: Royal jelly       |     1 |       ||     1
       Bread ration      |       |     1 ||     1
       Chunk             |       |     9 ||     9
       Beef jerky        |       |     1 ||     1
